 Dungeon Crawl Stone Soup version 0.29.1-14-g9c671dbff4 (webtiles) character file.

Game seed: 13897439571726516026

470 Descartes the Twirler (level 7, -1/40 HPs)
             Began as a Gargoyle Wanderer on Feb 17, 2023.
             Was an Initiate of Gozag.
             Slain by a shadow (27 damage)
             ... on level 5 of the Dungeon.
             The game lasted 00:05:56 (4322 turns).

Descartes the Twirler (Gargoyle Wanderer)           Turns: 4322, Time: 00:05:58

Health: -1/40      AC:  8    Str: 15    XL:     7   Next: 9%
Magic:  12/12      EV: 11    Int: 14    God:    Gozag
Gold:   221        SH:  0    Dex: 10    Spells: 9/13 levels left

rFire   . . .      SeeInvis .   p - +2 mace (venom)
rCold   . . .      Faith    .   (no shield)
rNeg    + . .      Spirit   .   d - +0 leather armour
rPois   ∞          Reflect  .   (no helmet)
rElec   +          Harm     .   m - +0 cloak
rCorr   .          Rampage  .   (no gloves)
Will    .....                   (no boots)
Stlth   +.........              (no amulet)
HPRegen 0.13/turn               (no ring)
MPRegen 0.13/turn               (no ring)

@: no status effects
A: sickness immunity, AC +4, negative energy resistance 1, electricity
resistance, torment resistance 1, petrification resistance
a: Renounce Religion, Potion Petition, Call Merchant, Bribe Branch


You were on level 5 of the Dungeon.
You worshipped Gozag.
Gozag was aware of your devotion.
You visited 2 branches of the dungeon, and saw 6 of its levels.

You collected 287 gold pieces.
You paid 66 gold pieces to Gozag.

Inventory:

Hand Weapons
 a - a +0 vorpal quarterstaff
 p - a +2 mace of venom (weapon)
Missiles
 f - 2 throwing nets
 r - 7 poisoned darts
 s - 5 curare-tipped darts
Armour
 d - a +0 leather armour (worn)
 m - a +0 cloak (worn)
Scrolls
 h - 3 scrolls of noise {unknown}
 i - a scroll of identify {unknown}
 k - a scroll of butterflies {unknown}
 n - a scroll of teleportation {unknown}
 o - a scroll of magic mapping {unknown}
Potions
 c - 2 potions of haste
 e - 2 potions of mutation {unknown}
 g - 3 potions of curing {unknown}
 j - a potion of cancellation {unknown}
 l - a potion of heal wounds {unknown}
 q - 2 potions of degeneration {unknown}
Miscellaneous
 b - a piece from Xom's chessboard (15/15)


   Skills:
 + Level 2.6 Fighting
 - Level 4.0 Staves
 - Level 1.1 Stealth
 * Level 3.6 Spellcasting
 + Level 2.5 Transmutations
 + Level 2.7 Earth Magic
 + Level 2.4 Poison Magic
 + Level 2.9 Evocations


You had 9 spell levels left.
You knew the following spells:

 Your Spells              Type           Power      Damage    Failure   Level
a - Beastly Appendage     Tmut           18%        N/A       9%          1
b - Ignite Poison         Fire/Tmut/Pois 7%         N/A       36%         3

Your spell library contained the following spells:

 Spells                   Type           Power      Damage    Failure   Level
 Ozocubu's Armour         Ice            2%         N/A       58%         3
 Ozocubu's Refrigeration  Ice            1%         4d7       100%        7


Dungeon Overview and Level Annotations

Branches:
Dungeon (5/15)             Temple (1/1) D:4

Altars:
Ashenzari
Cheibriados
Dithmenos
Elyvilon
Fedhas
Gozag
Hepliaklqana
Kikubaaqudgha
Makhleb
Nemelex Xobeh
Okawaru
Qazlal
Ru
Sif Muna
Trog
Uskayaw
Wu Jian
Xom
Yredelemnul
Zin
The Shining One

Shops:
D:2 (


Innate Abilities, Weirdness & Mutations

You are immune to sickness and miasma.
Your stone body is resilient. (AC +4)
You are immune to poison.
You resist negative energy. (rN+)
You are resistant to electric shocks. (rElec)
You are resistant to unholy torment.
You are immune to petrification.


Message History

The shadow closely misses you.
You barely miss the shadow.
The shadow is heavily damaged.
The shadow hits you.
The shadow is distracted by your dazzling golden aura.
You strike the helpless shadow from behind!
You hit the shadow.
The shadow is no longer distracted by gold.
The shadow is heavily damaged.
The shadow misses you.
You hit the shadow but do no damage.
The shadow is heavily damaged.
The shadow slips into darkness.
The shadow flickers and vanishes!
Deactivating autopickup; reactivate with Ctrl-A.
No target in view!
No target in view!
There is a strange disturbance nearby!
You closely miss something.
The shadow strikes at you from the darkness!
Reactivating autopickup.
The shadow closely misses you.
You hit the shadow but do no damage.
The shadow is heavily damaged.
The shadow hits you!
You completely miss the shadow.
The shadow is heavily damaged.
The shadow closely misses you.
You hit the shadow but do no damage.
The shadow is heavily damaged.
The shadow closely misses you.
You sock the shadow!
The shadow is almost destroyed.
The shadow slips into darkness.
The shadow flickers and vanishes!
Deactivating autopickup; reactivate with Ctrl-A.
The shadow strikes at you from the darkness!
Ouch! That really hurt!
You die...
Your body crumbles into a pile of gold.

$
..#..................
#.#..........#.......
#.....$.....#........
##...)...............
............#....[...
#.........#<.......
#.....$.$.#........
#.........#........
##..@..............
##{...!...........
.....##..###..##..
!............ ... ..
.......####.####...#
..$.... .. .......
.......


There were no monsters in sight!

Vanquished Creatures
  Menkaure (D:4)
  A black bear (D:4)
  A scorpion (D:5)
  A hound (D:5)
  An orc wizard (D:3)
  Robin (D:2)
  A gnoll (D:1)
  4 adders
  A worm (D:3)
  2 dart slugs
  4 orcs
  10 ball pythons
  4 endoplasms
  2 giant cockroaches
  10 goblins
  9 hobgoblins
  9 jackals
  2 quokkas
  6 bats
  5 frilled lizards
  3 kobolds
  4 rats
82 creatures vanquished.

Vanquished Creatures (others)
  2 withered plants (D:4)
2 creatures vanquished.

Grand Total: 84 creatures vanquished

Notes
Turn   | Place    | Note
-------+----------+-------------------------------------------
     0 | D:1      | Descartes the Gargoyle Wanderer began the quest for the
                  | Orb.
     0 | D:1      | Descartes set off with the following items: a +0 vorpal
                  | quarterstaff, a piece from Xom's chessboard (15/15), a
                  | potion of haste, a +0 leather armour; and the following
                  | spell memorised: Beastly Appendage; and the following
                  | spells available to memorise: Ignite Poison.
     0 | D:1      | Reached XP level 1. HP: 10/10 MP: 2/2
   290 | D:1      | Reached XP level 2. HP: 16/16 MP: 4/4
   439 | D:1      | Reached XP level 3. HP: 20/20 MP: 3/5
   918 | D:2      | Reached skill level 1 in Fighting
   959 | D:2      | Found a faded altar of an unknown god.
   974 | D:2      | Noticed Robin
   988 | D:2      | Reached skill level 1 in Earth Magic
   993 | D:2      | Reached skill level 1 in Poison Magic
   999 | D:2      | Killed Robin
  1000 | D:2      | Reached XP level 4. HP: 17/25 MP: 7/7
  1117 | D:2      | Learned a level 3 spell: Ignite Poison
  1373 | D:2      | Found Byimit's Antique Weapon Emporium.
  2581 | D:3      | Reached XP level 5. HP: 29/29 MP: 6/8
  3110 | D:4      | Found a staircase to the Ecumenical Temple.
  3131 | Temple   | Entered the Ecumenical Temple
  3152 | Temple   | Became a worshipper of Gozag Ym Sagoz the Greedy
  3360 | D:4      | Noticed Menkaure
  3369 | D:4      | Killed Menkaure
  3370 | D:4      | Reached XP level 6. HP: 21/35 MP: 10/10
  3536 | D:4      | Found a sacrificial altar of Ru.
  3715 | D:4      | Found an ancient bone altar of Kikubaaqudgha.
  3878 | D:4      | Noticed a black bear
  3898 | D:4      | Killed a black bear
  4040 | D:4      | Found a blossoming altar of Fedhas.
  4292 | D:5      | Entered Level 5 of the Dungeon
  4304 | D:5      | Reached XP level 7. HP: 39/40 MP: 12/12
  4305 | D:5      | Noticed a shadow
  4322 | D:5      | Slain by a shadow

Illustrated notes

Levels and vault maps discovered:
D:1:      spicycebolla_arrival_transporter_tutorial, layout_rooms
D:2:      layout_basic, serial_shops, nicolae_square_shop,
          shapermc_ecumenical_altar_notcrosses, uniq_robin
D:3:      wad_crossroads, layout_loops_ring, minmay_crystal_room
D:4:      layout_rooms, mainiacjoe_overflow_alcove_2, kiku_gazebo_garden_becter,
          nicolae_ru_sacrificial_ziggurat, minmay_temple_entry_junction,
          uniq_menkaure
D:5:      layout_rooms
Temple:   eino_narrow_crystal_temple

Skill      XL: |  1  2  3  4  5  6 |
---------------+-------------------+-----
Evocations     | 2 |  2.9
Fighting       | 1 2 |  2.6
Spellcasting   | 2 3 |  3.6
Earth Magic    | 1 2 |  2.7
Poison Magic   | 1 2 |  2.4
Transmutations | 2 |  2.5
Staves         | |  4.0
Stealth        | |  1.1

Action                   |  1- 3 |  4- 6 |  7- 9 || total
-------------------------+-------+-------+-------++-------
Melee: Quarterstaff      |    64 |    68 |       ||   132
       Headbutt          |     7 |     5 |       ||    12
       Kick              |     5 |    19 |       ||    24
       Mace              |       |    35 |    16 ||    51
       Punch             |       |     1 |       ||     1
 Cast: Beastly Appendage |    11 |    25 |       ||    36
       Ignite Poison     |       |     1 |       ||     1
 Stab: Distracted        |       |       |     1 ||     1
Armor: Leather armour    |    25 |    55 |     5 ||    85
Dodge: Dodged            |    28 |    69 |    10 ||   107
